 Dungeon Crawl Stone Soup version 0.29-a0-25-g7f48f510a0 (webtiles) character file.

Game seed: 169441659740130629

498 Ajdolov the Cutter (level 6, 0/48 HPs)
             Began as a Spriggan Berserker on Jan 31, 2022.
             Was a Believer of Trog.
             Slain by an ogre (19 damage)
             ... on level 4 of the Dungeon.
             The game lasted 00:06:14 (3962 turns).

Ajdolov the Cutter (Spriggan Berserker)             Turns: 3962, Time: 00:06:14

Health: 0/48       AC:  2    Str: 13    XL:     6   Next: 94%
Magic:  7/7        EV: 20    Int:  8    God:    Trog [**....]
Gold:   131        SH:  0    Dex: 17    Spells: 5/5 levels left

rFire   . . .      SeeInvis +   f - +0 dagger
rCold   . . .      Faith    .   (no shield)
rNeg    . . .      Spirit   .   b - +0 animal skin
rPois   .          Reflect  .   (helmet restricted)
rElec   .          Harm     .   (no cloak)
rCorr   .          Rampage  .   (gloves unavailable)
Will    +....                   (boots unavailable)
Stlth   ..........              (no amulet)
HPRegen 0.16/turn               m - +4 ring of slaying
MPRegen 0.10/turn               (no ring)

@: berserking, very quick
A: very small, no large weapons, unfitting armour, see invisible, speed 3
a: Renounce Religion, Berserk, Trog's Hand


You were on level 4 of the Dungeon.
You worshipped Trog.
Trog was pleased with you.
You visited 1 branch of the dungeon, and saw 4 of its levels.

You collected 131 gold pieces.

Inventory:

Hand Weapons
 a - a +0 short sword
 f - a +0 dagger (weapon)
Armour
 b - a +0 animal skin (worn)
 n - a +0 buckler
Jewellery
 m - a +4 ring of slaying (left hand)
Wands
 l - a wand of iceblast (7)
Scrolls
 c - 7 scrolls of identify {unknown}
 d - 2 scrolls of teleportation {unknown}
 e - 2 scrolls of noise {unknown}
 h - a scroll of enchant armour {unknown}
 j - a scroll of enchant weapon {unknown}
 k - a scroll of magic mapping {unknown}
 p - a scroll of amnesia {unknown}
 q - a scroll of immolation {unknown}
Potions
 g - a potion of flight {unknown}
 i - 2 potions of curing {unknown}
 o - a potion of heal wounds {unknown}


   Skills:
 - Level 2.4 Fighting
 * Level 6.8 Short Blades
 + Level 5.7 Dodging
 + Level 5.7 Stealth


You had 5 spell levels left.
You didn't know any spells.
Your spell library was empty.

Dungeon Overview and Level Annotations

Branches:
Dungeon (4/15)
 Temple: D:4-7

Altars:
Nemelex Xobeh
Ru
Uskayaw
Wu Jian
Yredelemnul


Innate Abilities, Weirdness & Mutations

You are very small and have problems with some larger weapons.
You are too small for most types of armour.
You have supernaturally acute eyesight. (SInv)
You cover ground extremely quickly. (Speed+++)


Message History

The centaur skeleton is lightly damaged.
The centaur skeleton misses you. The centaur skeleton kicks you.
You hit the centaur skeleton.
The centaur skeleton is moderately damaged.
The centaur skeleton completely misses you.
The centaur skeleton kicks you.
You fail to use your ability.
The centaur skeleton hits you.
The centaur skeleton completely misses you.
You hit the centaur skeleton.
The centaur skeleton is moderately damaged.
An ogre comes into view. It is wielding a +0 giant spiked club.
The centaur skeleton hits you. The centaur skeleton kicks you.
You hit the centaur skeleton.
The centaur skeleton is heavily damaged.
The centaur skeleton closely misses you. x2
You see here a hobgoblin corpse.
You hit the centaur skeleton.
The centaur skeleton is severely damaged.
The centaur skeleton closely misses you. x2
You hit the centaur skeleton.
The centaur skeleton is severely damaged.
The centaur skeleton hits you but does no damage.
The centaur skeleton barely misses you.
You puncture the centaur skeleton!
The centaur skeleton is almost destroyed.
The centaur skeleton misses you.
The centaur skeleton closely misses you.
You hit the centaur skeleton.
You destroy the centaur skeleton!
Trog accepts your kill.
Aiming: Iceblast
Press: ? - help, Shift-Dir - straight line, f - ogre
Aim: an ogre, wielding a +0 giant spiked club The mass of ice explodes!
The iceblast engulfs the ogre!
The ogre is heavily wounded.
You hear a bark! x2
A red film seems to cover your vision as you go berserk!
You feel yourself moving faster!
You feel mighty!
The ogre hits you with a +0 giant spiked club!!
You die...

#.###.##..####.##..#
####.###'#####
####'## #.........#
...... #.........#
...... #.........#
....... ####'###.##
#..##.# .###...###.#
# #. ........O.#.. .
.........@#..< #
####...####...# .
###+ .#


You could see an ogre.

Vanquished Creatures
  An ogre (D:4)
  A scorpion (D:4)
  2 orc priests (D:3)
  A bullfrog skeleton (D:4)
  A centaur skeleton (D:4)
  An iguana (D:4)
  3 orc wizards
  4 adders
  An ufetubus (D:4)
  2 worms (D:2)
  5 dart slugs
  2 orcs
  6 endoplasms
  2 giant cockroaches
  10 goblins
  8 hobgoblins
  6 kobolds
  5 quokkas
  9 ball pythons
  6 bats
  3 frilled lizards
  2 rats
81 creatures vanquished.

Vanquished Creatures (others)
  6 plants (D:3)
6 creatures vanquished.

Grand Total: 87 creatures vanquished

Notes
Turn   | Place    | Note
-------+----------+-------------------------------------------
     0 | D:1      | Ajdolov the Spriggan Berserker began the quest for the Orb.
     0 | D:1      | Reached XP level 1. HP: 11/11 MP: 2/2
   191 | D:1      | Reached skill level 1 in Stealth
   238 | D:1      | Reached XP level 2. HP: 13/16 MP: 3/3
   510 | D:1      | Reached skill level 4 in Short Blades
  1131 | D:1      | Reached XP level 3. HP: 19/19 MP: 4/4
  1327 | D:1      | Found a faded altar of an unknown god.
  1630 | D:2      | Found an ornate altar of the Wu Jian Council.
  2148 | D:2      | Reached XP level 4. HP: 23/23 MP: 5/5
  2695 | D:3      | Found a hide-covered altar of Uskayaw.
  2756 | D:3      | Found a basalt altar of Yredelemnul.
  2813 | D:3      | Reached skill level 5 in Short Blades
  2826 | D:3      | Reached XP level 5. HP: 13/27 MP: 6/6
  3031 | D:3      | Reached ** piety under Trog
  3104 | D:3      | Found a sparkling altar of Nemelex Xobeh.
  3385 | D:3      | Found a sacrificial altar of Ru.
  3516 | D:4      | Noticed an ogre
  3520 | D:4      | Killed an ogre
  3521 | D:4      | Reached skill level 6 in Short Blades
  3521 | D:4      | Reached skill level 5 in Dodging
  3521 | D:4      | Reached XP level 6. HP: 32/32 MP: 7/7
  3544 | D:4      | Reached skill level 5 in Stealth
  3962 | D:4      | Slain by an ogre

Illustrated notes

Levels and vault maps discovered:
D:1:      lemuel_arrival_hallway, layout_basic,
          shapermc_ecumenical_altar_mp_ritualfount, minmay_pentomino_s4
D:2:      layout_basic, basic_altar
D:3:      layout_rooms, mainiacjoe_overflow_alcove_4,
          mainiacjoe_overflow_alcove_2, mainiacjoe_overflow_cross_hatched,
          mainiacjoe_overflow_catwalk, minivault_27
D:4:      layout_gridville

Skill      XL: |  1  2  3  4  5  6 |
---------------+-------------------+-----
Stealth        | 1 2 3 4 5 |  5.7
Short Blades   | 4 5 6 |  6.8
Dodging        | 5 |  5.7
Fighting       | |  2.4

Action                   |  1- 3 |  4- 6 || total
-------------------------+-------+-------++-------
Melee: Short sword       |    69 |       ||    69
       Dagger            |   100 |   106 ||   206
       Punch             |     3 |     2 ||     5
Invok: Berserk           |     8 |     6 ||    14
Evoke: Wand              |       |     1 ||     1
 Stab: Sleeping          |     5 |    10 ||    15
       Distracted        |       |     1 ||     1
Armor: Animal skin       |    12 |     4 ||    16
Dodge: Dodged            |   108 |    77 ||   185

Table legend: (Time is in decaauts)
 A = Elapsed time spent in this place.
 B = Non-inter-level travel time spent in this place.
 C = Inter-level travel time spent in this place.
 D = Time resting spent in this place.
 E = Time spent auto-exploring this place.
 F = Levels seen in this place.
 G = Mean time per level.
                   A        B        C        D        E       F      G
               +--------+--------+--------+--------+--------+-----+--------+
         Total |   3132 |   3092 |     40 |   1198 |   1384 |   4 |  783.0 |
       Dungeon |   3132 |   3092 |     40 |   1198 |   1384 |   4 |  783.0 |
               +--------+--------+--------+--------+--------+-----+--------+

Top non-repeatable levels by time:
     D:1: 1337 daAuts
     D:2: 1044 daAuts
     D:3: 425 daAuts
     D:4: 325 daAuts
